 Dungeon Crawl Stone Soup version 0.30-a0-469-g84de5afbc5 (webtiles) character file.

Game seed: 15504834509554286050

352 bande the Trooper (level 6, -12/38 HPs)
             Began as a Gargoyle Fighter on Dec 20, 2022.
             Was a Follower of Okawaru.
             Mangled by an ogre
             ... wielding a +0 giant spiked club
              (29 damage)
             ... on level 4 of the Dungeon.
             The game lasted 00:05:46 (3519 turns).

bande the Trooper (Gargoyle Fighter)                Turns: 3519, Time: 00:05:46

Health: -12/38     AC: 15    Str: 19    XL:     6   Next: 62%
Magic:  7/7        EV:  9    Int:  9    God:    Okawaru [*.....]
Gold:   235        SH:  4    Dex: 11    Spells: 5/5 levels left

rFire   . . .      SeeInvis .    a - +0 war axe
rCold   . . .      Faith    .    c - +0 buckler
rNeg    + . .      Spirit   .    b - +0 scale mail
rPois   ∞          Reflect  .    (no helmet)
rElec   +          Harm     .    (no cloak)
rCorr   .          Rampage  .    (no gloves)
Will    .....                    (no boots)
Stlth   ..........               (no amulet)
HPRegen 0.26/turn                s - +4 ring of protection
MPRegen 0.10/turn                (no ring)

@: no status effects
A: sickness immunity, AC +4, negative energy resistance 1, electricity
resistance, torment resistance 1, petrification resistance
a: Renounce Religion, Heroism


You were on level 4 of the Dungeon.
You worshipped Okawaru.
Okawaru was aware of your devotion.
You visited 1 branch of the dungeon, and saw 5 of its levels.
You also visited: Ossuary.

You collected 235 gold pieces.

Inventory:

Hand Weapons
 a - a +0 war axe (weapon)
Armour
 b - a +0 scale mail (worn)
 c - a +0 buckler (worn)
Jewellery
 s - a +4 ring of protection (left hand)
 t - a ring of magical power
Wands
 n - a wand of charming (5)
Scrolls
 e - 2 scrolls of noise {unknown}
 g - 4 scrolls of poison {unknown}
 h - 2 scrolls of immolation {unknown}
 k - 4 scrolls of identify {unknown}
 l - 2 scrolls of fog {unknown}
 m - 3 scrolls of teleportation {unknown}
 o - 3 scrolls of enchant weapon {unknown}
 p - a scroll of fear {unknown}
 r - a scroll of enchant armour {unknown}
 v - a scroll of brand weapon {unknown}
Potions
 d - 2 potions of attraction {unknown}
 f - a potion of brilliance {unknown}
 i - 2 potions of mutation {unknown}
 j - a potion of experience {unknown}
 q - a potion of berserk rage {unknown}
 u - 4 potions of curing {unknown}
 w - a potion of heal wounds {unknown}
 x - a potion of haste {unknown}


   Skills:
 + Level 4.2 Fighting
 + Level 4.1 Axes
 + Level 4.2 Armour
 + Level 4.0 Shields
 * Level 1.8 Invocations
 * Level 1.5 Evocations


You had 5 spell levels left.
You didn't know any spells.
Your spell library contained the following spells:

 Spells                   Type           Power      Damage    Failure   Level
 Magic Dart               Conj           0%         1d3       83%         1
 Wereblood                Tmut           0%         N/A       93%         2
 Mephitic Cloud           Conj/Pois/Air  0%         N/A       99%         3
 Call Imp                 Summ           Unusable   N/A       N/A         2
 Sublimation of Blood     Necr           Unusable   N/A       N/A         2
 Summon Hydra             Summ           Unusable   N/A       N/A         7

Dungeon Overview and Level Annotations

Branches:
Dungeon (5/15)            Ossuary (visited)
 Temple: D:4-7

Altars:
Okawaru
Ru


Innate Abilities, Weirdness & Mutations

You are immune to sickness and miasma.
Your stone body is resilient. (AC +4)
You are immune to poison.
You resist negative energy. (rN+)
You are resistant to electric shocks. (rElec)
You are resistant to unholy torment.
You are immune to petrification.


Message History

HP restored.
An ogre comes into view. It is wielding a +0 giant spiked club.
The ogre shouts!
A goblin comes into view.
It is wielding a +0 dagger and quivering poisoned darts.
There are monsters nearby!
The goblin shouts!
The goblin hits you but does no damage.
You slash the goblin!
You kill the goblin!
Okawaru accepts your kill.
You hit the ogre.
The ogre is moderately wounded.
The ogre barely misses you.
You hit the ogre but do no damage.
The ogre is moderately wounded.
The ogre hits you with a +0 giant spiked club.
You slash the ogre!
The ogre is heavily wounded.
The ogre hits you with a +0 giant spiked club!!
You are too injured to fight recklessly!
You are too injured to fight recklessly!
You are too injured to fight recklessly!
You are too injured to fight recklessly!
You are too injured to fight recklessly!
You are too injured to fight recklessly!
You are too injured to fight recklessly!
You hit the ogre.
The ogre is severely wounded.
The ogre closely misses you.
You hit the ogre but do no damage.
The ogre is severely wounded.
You block the ogre's attack.
You slash the ogre!
The ogre is almost dead.
The ogre hits you with a +0 giant spiked club.
You closely miss the ogre.
The ogre is almost dead.
The ogre hits you with a +0 giant spiked club!!
Ouch! That really hurt!
You die...

###### ....## ## #....#
##### #. #....# .... +.
#....# ..# #. #..).####)#
#### #.......@O###.# #...
#.....#.......########.##
###>................##.#
#####.............##.#
###########...##.#
#...##.# #.#....#
#...#### ###..##


You could see an ogre.

Vanquished Creatures
  The ghost of superbruh the Poker, an amateur MiMo of Xom (D:3)
  A phantom (D:5)
  A mummy (Ossuary)
  3 gnolls
  An adder (D:5)
  An ufetubus (D:5)
  An adder zombie (D:4)
  2 worms
  3 dart slugs
  3 orcs
  4 spectral bats (Ossuary)
  4 ball pythons
  4 endoplasms
  6 giant cockroaches
  11 goblins
  8 hobgoblins
  4 kobolds
  A quokka (D:1)
  7 bats
  2 bat simulacra (Ossuary)
  4 frilled lizards
  12 gnoll zombies (Ossuary)
  A goblin simulacrum (Ossuary)
  3 goblin zombies (Ossuary)
  6 hobgoblin zombies (Ossuary)
  4 kobold simulacra (Ossuary)
  4 kobold zombies (Ossuary)
  5 orc zombies (Ossuary)
  A quokka skeleton (D:4)
  5 rats
  3 rat simulacra (Ossuary)
  3 spectral goblins (Ossuary)
  4 spectral kobolds (Ossuary)
  2 spectral rats (Ossuary)
125 creatures vanquished.

Vanquished Creatures (others)
  2 fungi (D:2)
2 creatures vanquished.

Grand Total: 127 creatures vanquished

Notes
Turn   | Place    | Note
-------+----------+-------------------------------------------
     0 | D:1      | bande the Gargoyle Fighter began the quest for the Orb.
     0 | D:1      | Reached XP level 1. HP: 14/14 MP: 1/1
   105 | D:1      | Reached XP level 2. HP: 19/19 MP: 2/2
   601 | D:1      | Reached XP level 3. HP: 22/23 MP: 3/3
  1081 | D:2      | Found a faded altar of an unknown god.
  1333 | D:3      | Found a transporter.
  1339 | D:3      | Noticed superbruh's ghost (amateur MiMo)
  1341 | D:3      | Found a transporter.
  1373 | D:3      | Reached XP level 4. HP: 27/29 MP: 4/4
  1413 | D:3      | Found a sacrificial altar of Ru.
  1413 | D:3      | Found an iron altar of Okawaru.
  1453 | D:3      | Became a worshipper of Warmaster Okawaru
  1858 | D:3      | Killed superbruh's ghost
  1858 | D:3      | Reached * piety under Okawaru
  1859 | D:3      | Reached skill level 1 in Invocations
  1859 | D:3      | Reached skill level 1 in Evocations
  1859 | D:3      | Reached XP level 5. HP: 9/33 MP: 5/5
  2438 | D:4      | Noticed a phantom
  2457 | D:5      | Entered Level 5 of the Dungeon
  2461 | D:5      | Found a sand-covered staircase.
  2473 | Ossuary  | Entered an ossuary
  3137 | Ossuary  | Reached XP level 6. HP: 38/38 MP: 7/7
  3519 | D:4      | Mangled by an ogre

Illustrated notes

Levels and vault maps discovered:
D:1:      nzn_arrival_water_spiral, layout_basic, corexii_hall_statues_l
D:2:      layout_rooms, shapermc_ecumenical_altar_gd
D:3:      layout_rooms, gammafunk_temple_overflow_statue, gammafunk_ghost_arena,
          dreamdust_princess_corridor, nicolae_underground_beach
D:4:      layout_basic, grunt_temple_overflow_cloverleaf, serial_undead,
          serial_undead_a, serial_undead_e, serial_undead_d, serial_undead_b
D:5:      layout_loops_ring, chei_slow_surprise, minmay_temple_entry_overgrown,
          nicolae_ossuary_entry_monument, minmay_door_square,
          minmay_strange_pillars

Skill      XL: |  1  2  3  4  5  6 |
---------------+-------------------+-----
Axes           | 2 3 4 |  4.1
Fighting       | 4 |  4.2
Armour         | 4 |  4.2
Invocations    | 1 |  1.8
Evocations     | 1 |  1.5
Shields        | 4 |  4.0

Action                   |  1- 3 |  4- 6 || total
-------------------------+-------+-------++-------
Melee: War axe           |   118 |   234 ||   352
  Use: Potion            |       |     1 ||     1
Armor: Scale mail        |    72 |   138 ||   210
Dodge: Dodged            |    50 |   110 ||   160
Block: Buckler           |    20 |    44 ||    64

Table legend: (Time is in decaauts)
 A = Elapsed time spent in this place.
 B = Non-inter-level travel time spent in this place.
 C = Inter-level travel time spent in this place.
 D = Time resting spent in this place.
 E = Time spent auto-exploring this place.
 F = Levels seen in this place.
 G = Mean time per level.
                   A        B        C        D        E       F      G
               +--------+--------+--------+--------+--------+-----+--------+
         Total |   3653 |   3618 |     35 |    885 |   1842 |   6 |  608.8 |
       Dungeon |   2681 |   2646 |     35 |    335 |   1652 |   5 |  536.2 |
       Ossuary |    971 |    971 |      0 |    550 |    190 |   1 |  971.0 |
               +--------+--------+--------+--------+--------+-----+--------+

Top non-repeatable levels by time:
 Ossuary: 971 daAuts
     D:1: 922 daAuts
     D:3: 821 daAuts
     D:2: 431 daAuts
     D:4: 387 daAuts
     D:5: 119 daAuts
